 Dungeon Crawl Stone Soup version 0.24-a0-640-ge7cd8ce796 (webtiles) character file.

Game seed: 12895099352070683675, levelgen mode: deterministic

97 Engwar the Ruffian (level 4, -2/40 HPs)
             Began as a Troll Artificer on Sept 24, 2019.
             Slain by a gnoll
             ... wielding a +0 flail
              (8 damage)
             ... on level 3 of the Dungeon.
             The game lasted 00:02:50 (1270 turns).

Engwar the Ruffian (Troll Artificer)                Turns: 1270, Time: 00:02:51

Health: -2/40      AC:  8    Str: 21    XL:     4   Next: 42%
Magic:  4/4        EV:  7    Int:  7    God:
Gold:   72         SH:  8    Dex: 10    Spells: 3/3 levels left

rFire    . . .     SeeInvis .     - Unarmed
rCold    . . .     Gourm    +   i - +0 shield
rNeg     . . .     Faith    .   b - +0 robe
rPois    .         Spirit   .   g - +2 hat
rElec    .         Reflect  .   (no cloak)
rCorr    .         Harm     .   (gloves unavailable)
MR       .....                  (boots unavailable)
Stlth    +.........             (no amulet)
HPRegen  0.53/turn              (no ring)
MPRegen  0.09/turn              (no ring)

@: no status effects
A: large, unfitting armour, claws 3, fast metabolism 3, gourmand, regeneration
1, shaggy fur 1, tough skin 3
a: no special abilities


You were on level 3 of the Dungeon.
You were very full.

You visited 1 branch of the dungeon, and saw 3 of its levels.

You collected 72 gold pieces.

Inventory:

Missiles
 p - 6 javelins (quivered)
Armour
 b - a +0 robe (worn)
 g - a +2 hat (worn)
 i - a +0 shield (worn)
Jewellery
 l - an uncursed ring of see invisible {unknown}
Wands
 c - a wand of flame (15)
 d - a wand of enslavement (15)
 e - a wand of random effects (15)
Potions
 a - a potion of mutation
 k - a potion of ambrosia
 m - a potion of degeneration {unknown}
 o - a potion of curing {unknown}
 q - a potion of might {unknown}
Comestibles
 f - 2 rations


   Skills:
 - Level 0.7 Fighting
   Level 0.7 Short Blades
 - Level 1.5 Dodging
 - Level 0.3 Stealth
 + Level 1.9 Shields
 + Level 3.2 Unarmed Combat
 - Level 2.1 Evocations


You had 3 spell levels left.
You didn't know any spells.
Your spell library was empty.

Dungeon Overview and Level Annotations

Branches:
Dungeon (3/15)

Altars:


Innate Abilities, Weirdness & Mutations

You are too large for most types of armour.
You have claws for hands.
Your metabolism is lightning-fast.
You like to eat raw meat.
Your natural rate of healing is unusually fast.
You are covered in fur. (AC +1)
You have extremely tough skin. (AC +3)


Message History

You scratch the gnoll.
The gnoll is severely wounded.
The gnoll hits you but does no damage.
Your shield prevents you from hitting the gnoll.
The gnoll is severely wounded.
The gnoll hits you with a +0 spear!
* * * LOW HITPOINT WARNING * * *
You barely miss the gnoll.
The gnoll is severely wounded.
The gnoll hits you but does no damage.
You scratch the gnoll.
You kill the gnoll!
The gnoll hits you with a +0 flail.
* * * LOW HITPOINT WARNING * * *
You scratch the gnoll.
The gnoll is moderately wounded.
You scratch the gnoll.
The gnoll is moderately wounded.
The gnoll hits you with a +0 flail!
You die...

#############
#...##.......
#..........##
#..#.#######...##.###.##
#.....g@.......##>#
#.รท.
#..#.######.....#.# ####
##...##.######
##.###....... #.#
######## #.# #. #+# #<
#. #.


You could see a gnoll.

Vanquished Creatures
  3 gnolls (D:3)
  An adder (D:2)
  3 worms (D:2)
  3 dart slugs (D:1)
  A leopard gecko (D:2)
  A giant cockroach (D:1)
  3 goblins (D:1)
  11 hobgoblins
  2 jackals (D:2)
  6 kobolds
  A quokka (D:2)
  3 bats (D:1)
  2 frilled lizards (D:2)
  5 rats
45 creatures vanquished.

Notes
Turn   | Place    | Note
-------+----------+-------------------------------------------
     0 | D:1      | Engwar the Troll Artificer began the quest for the Orb.
     0 | D:1      | Reached XP level 1. HP: 18/18 MP: 1/1
   135 | D:1      | Reached skill level 1 in Unarmed Combat
   144 | D:1      | Reached XP level 2. HP: 24/26 MP: 2/2
   224 | D:1      | Reached skill level 2 in Unarmed Combat
   703 | D:2      | Reached XP level 3. HP: 29/32 MP: 3/3
   735 | D:2      | Reached skill level 1 in Shields
  1106 | D:2      | Reached XP level 4. HP: 40/40 MP: 4/4
  1256 | D:3      | Reached skill level 3 in Unarmed Combat
  1270 | D:3      | Slain by a gnoll

Levels and vault maps discovered:
D:1:      kennysheep_arrival_forest, layout_loops_ring,
          chequers_serial_rivers_micro_a
D:2:      layout_rooms, grunt_ministairs_3, minmay_misc_feat_rugged
D:3:      layout_loops_corners, zin_angel, cheibriados_altar_1,
          uniq_crazy_yiuf_cottage

Skill      XL: |  1  2  3  4 |
---------------+-------------+-----
Unarmed Combat | 1 2 3 |  3.2
Shields        | 1 |  1.9
Fighting       | |  0.7
Short Blades   | |  0.7
Dodging        | |  1.5
Stealth        | |  0.3
Evocations     | |  2.1

Action                   |  1- 3 |  4- 6 || total
-------------------------+-------+-------++-------
Melee: Unarmed           |   122 |    19 ||   141
  Use: Scroll            |       |     4 ||     4
 Stab: Sleeping          |     3 |       ||     3
  Eat: Chunk             |    15 |     1 ||    16
Armor: Robe              |    57 |     3 ||    60
Dodge: Dodged            |    34 |     5 ||    39
Block: Shield            |    33 |     1 ||    34

Table legend:
 A = Non-vault XP
 B = Vault XP
 C = Vault XP percentage of total XP
 D = Non-vault monster count
 E = Vault monster count
 F = Vault count percentage of total count
                 A         B        C        D         E       F
            +---------+---------+-------+---------+---------+-------
      Total |     135 |       4 |   2.9 |      43 |       2 |   4.4
            +---------+---------+-------+---------+---------+-------
        D:1 |      40 |       0 |   0.0 |      20 |       0 |   0.0
        D:2 |      53 |       4 |   7.0 |      19 |       2 |   9.5
        D:3 |      42 |       0 |   0.0 |       4 |       0 |   0.0
            +---------+---------+-------+---------+---------+-------
